Map: [TLMC15] Hardwire

Players

DRG - Winner!

  • Race: Zerg Zerg

LiquidClem (Clem)

  • Race: Terran Terran

Event: StayAtHome Story Cup #4

VOD

Have the link to the VOD?

Description

Time

  • Played on: Oct. 22, 2021, 7:31 a.m.
  • Length: 20:24

All games in this series

Show
View Real Time Build Order
Export as new Build Order

DRG Zerg - Winner!

Build Orders: Hatch First, Lurkers 

Get SALT Encoding   

  12  0:00  Drone  
  13  0:12  Overlord  
  13  0:17  Drone  
  14  0:31  Drone x2  
  16  0:47  Hatchery  
  15  0:51  Drone  
  15  0:54  Drone  
  17  0:57  Drone  
  18  1:08  Extractor  
  17  1:13  Spawning Pool  
  17  1:15  Drone  
  17  1:20  Drone  
  18  1:27  Drone  
  19  1:38  Drone  
  20  1:49  Drone  
  21  2:00  Queen x2  
  21  2:01  Zergling x4  
  27  2:10  Overlord  
  27  2:12  Drone  
  28  2:20  Hatchery  
  28  2:22  Drone  
  28  2:29  Drone  
  29  2:33  Drone x2  
  31  2:39  Queen  
  33  2:46  Overlord  
  33  2:47  Drone  
  33  2:50  Metabolic Boost  
  34  2:54  Drone  
  34  2:55  Drone  
  36  3:04  Overlord  
  36  3:06  Drone  
  36  3:10  Drone  
  36  3:11  Drone x2  
  40  3:14  Queen  
  40  3:17  Drone x2  
  44  3:26  Drone, Queen  
  47  3:29  Drone  
  47  3:32  Queen  
  50  3:38  Overlord  
  50  3:39  Drone  
  50  3:40  Drone  
  52  3:42  Drone  
  52  3:44  Drone  
  52  3:46  Drone  
  52  3:47  Drone  
  56  3:50  Zergling x4  
  58  3:55  Overlord  
  58  3:57  Queen  
  58  4:00  Zergling x2  
  58  4:02  Overlord  
  61  4:03  Zergling x2  
  61  4:08  Queen  
  64  4:11  Drone  
  64  4:12  Drone  
  64  4:14  Drone  
  67  4:17  Zergling x4  
  67  4:19  Drone  
  67  4:20  Drone x2  
  67  4:22  Drone  
  73  4:25  Drone  
  73  4:27  Drone  
  73  4:29  Drone  
  73  4:30  Drone  
  77  4:33  Drone, Spore Crawler  
  77  4:34  Spore Crawler  
  77  4:35  Drone  
  77  4:38  Zergling x2  
  77  4:39  Zergling x2  
  77  4:40  Drone  
  77  4:42  Spore Crawler  
  77  4:43  Drone x3  
  82  4:49  Lair  
  82  4:52  Extractor  
  78  5:00  Drone  
  78  5:01  Drone  
  78  5:03  Drone  
  78  5:04  Drone  
  78  5:06  Overlord  
  82  5:10  Overlord  
  82  5:12  Overlord  
  82  5:13  Overlord  
  82  5:15  Drone, Baneling Nest  
  82  5:18  Extractor x2  
  82  5:20  Overlord  
  82  5:21  Drone, Extractor  
  81  5:23  Drone, Extractor  
  81  5:24  Drone  
  81  5:26  Drone x5  
  81  5:27  Drone x2  
  88  5:35  Drone  
  89  5:37  Drone  
  89  5:38  Drone  
  89  5:41  Drone  
  89  5:42  Drone  
  93  5:44  Drone  
  93  5:46  Drone x3  
  97  5:50  Zergling x6  
  97  5:53  Zergling x6  
  97  5:56  Hatchery  
  102  5:58  Drone  
  102  5:59  Centrifugal Hooks  
  102  6:01  Overlord, Spire  
  102  6:03  Zergling x2  
  102  6:11  Zergling x2  
  103  6:12  Overlord  
  103  6:13  Overlord  
  103  6:15  Overlord  
  103  6:21  Overlord  
  103  6:23  Zergling x10  
  108  6:26  Baneling x3  
  108  6:27  Baneling  
  108  6:28  Overlord  
  108  6:36  Drone x5  
  113  6:42  Hatchery  
  112  6:49  Drone x3  
  112  6:50  Drone x3  
  117  6:59  Overlord  
  117  7:04  Extractor, Zergling x10  
  117  7:05  Baneling, Extractor  
  117  7:06  Baneling x8  
  117  7:07  Zergling x4  
  120  7:12  Zergling x10  
  120  7:14  Queen, Zergling x6  
  125  7:26  Drone  
  125  7:27  Drone x3  
  125  7:29  Overlord  
  125  7:31  Overseer  
  125  7:34  Mutalisk x6  
  137  7:37  Evolution Chamber  
  137  7:38  Evolution Chamber  
  137  7:39  Pneumatized Carapace  
  137  7:40  Mutalisk  
  137  7:41  Mutalisk x2  
  140  7:47  Mutalisk x5  
  146  7:57  Drone x3  
  132  7:59  Zergling x10  
  132  8:01  Queen  
  132  8:04  Drone x4  
  135  8:07  Mutalisk  
  135  8:09  Zergling x2  
  133  8:16  Zergling x10  
  133  8:17  Zergling x4  
  133  8:20  Zerg Ground Armor Level 1, Zerg Melee Weapons Level 1  
  133  8:21  Overseer, Zerg Flyer Weapons Level 1  
  133  8:24  Mutalisk x2  
  137  8:28  Baneling x5  
  137  8:29  Drone x4  
  137  8:32  Queen  
  143  8:36  Mutalisk x2  
  143  8:39  Drone x3  
  150  8:44  Queen  
  150  8:48  Zergling x12  
  158  8:50  Baneling x4  
  158  8:51  Overseer  
  158  9:02  Zergling x16  
  157  9:09  Drone x3, Infestation Pit  
  159  9:10  Hydralisk Den  
  159  9:11  Overlord x2  
  159  9:12  Extractor  
  159  9:15  Drone x2, Spore Crawler  
  158  9:18  Zergling x12  
  158  9:19  Baneling x2  
  158  9:23  Zergling x2  
  165  9:29  Zergling x4  
  163  9:35  Zergling x2  
  163  9:36  Zergling x16  
  171  9:48  Mutalisk  
  171  9:49  Mutalisk x6  
  171  9:52  Zergling x4  
  169  9:56  Zergling x10  
  163  10:01  Zergling x4  
  163  10:04  Grooved Spines  
  163  10:06  Drone x3  
  156  10:07  Queen  
  156  10:08  Hive  
  156  10:09  Spore Crawler, Zergling x12  
  156  10:11  Baneling x9  
  163  10:15  Zergling x8  
  163  10:19  Zerg Flyer Weapons Level 2  
  163  10:20  Zergling x6  
  170  10:22  Overlord  
  170  10:27  Zerg Melee Weapons Level 2  
  170  10:29  Zerg Ground Armor Level 2  
  170  10:30  Zergling x4  
  170  10:32  Baneling x4  
  170  10:34  Overlord  
  172  10:36  Overlord  
  172  10:37  Zergling x4  
  174  10:43  Zergling x16  
  182  10:56  Hydralisk x7, Lurker Den  
  193  11:03  Overlord  
  193  11:07  Baneling x4  
  193  11:08  Baneling x9  
  192  11:13  Zergling x12  
  192  11:16  Muscular Augments  
  192  11:20  Zergling x10  
  192  11:21  Baneling  
  192  11:22  Baneling x10  
  196  11:31  Zergling x2  
  196  11:32  Zergling x8  
  199  11:33  Hatchery  
  199  11:36  Adrenal Glands  
  198  11:41  Spine Crawler  
  198  11:42  Baneling x6  
  194  11:52  Zergling x36  
  196  11:56  Zergling x12  
  196  11:59  Seismic Spines  
  199  12:05  Zergling x2  
  199  12:07  Baneling  
  199  12:08  Baneling x5  
  199  12:12  Zergling x2  
  199  12:13  Baneling x9  
  199  12:20  Zergling x30  
  199  12:22  Zergling x10  
  180  12:25  Hydralisk  
  175  12:30  Zergling x10  
  175  12:34  Zergling x8  
  182  12:40  Zergling x8  
  182  12:41  Lurker  
  182  12:42  Overlord, Lurker x2  
  189  12:47  Zerg Melee Weapons Level 3, Zerg Ground Armor Level 3  
  176  13:00  Zergling x16  
  176  13:01  Zergling x2  
  184  13:08  Overseer x2, Overlord  
  184  13:09  Overseer x2  
  184  13:11  Zergling x8  
  187  13:18  Zergling x16  
  187  13:19  Hatchery  
  169  13:22  Zergling x2  
  169  13:23  Zergling x6  
  165  13:28  Zergling x12  
  166  13:35  Zergling x10  
  166  13:38  Hydralisk x2  
  165  13:42  Zergling x10  
  165  13:46  Zergling x2  
  162  13:48  Hydralisk x2  
  136  13:55  Hydralisk  
  136  13:56  Hydralisk x3  
  136  13:59  Baneling x6  
  143  14:04  Hydralisk  
  143  14:05  Hydralisk x2  
  143  14:07  Baneling  
  143  14:08  Lurker x2  
  151  14:15  Lurker x2  
  151  14:16  Hydralisk x3  
  159  14:22  Nydus Network  
  158  14:25  Lurker x2  
  158  14:26  Lurker x2  
  158  14:27  Baneling x4  
  158  14:29  Adaptive Talons  
  162  14:31  Hydralisk x3  
  162  14:34  Hydralisk x2  
  162  14:37  Lurker  
  162  14:38  Lurker x2  
  175  14:42  Drone x4  
  175  14:43  Drone  
  175  14:44  Drone  
  169  14:49  Drone x5  
  173  14:53  Zergling x8  
  177  15:00  Zergling x2  
  177  15:01  Zergling x12  
  179  15:07  Zergling x14  
  179  15:13  Zergling x2  
  179  15:14  Zergling x10  
  186  15:16  Drone x3  
  186  15:19  Overseer  
  186  15:20  Zergling x10  
  191  15:25  Nydus Canal  
  191  15:27  Lurker x7  
  198  15:30  Zergling x2  
  198  15:31  Zergling x2  
  200  15:41  Zergling x16  
  194  15:48  Zergling x12  
  193  16:00  Overseer, Overlord  
  193  16:03  Hatchery  
  171  16:04  Zerg Missile Weapons Level 1  
  171  16:09  Zergling x14  
  171  16:11  Hatchery  
  157  16:16  Drone x2  
  147  16:19  Hydralisk x5  
  147  16:28  Hydralisk x3  
  147  16:31  Drone x3  
  156  16:33  Lurker  
  156  16:35  Overlord  
  157  16:41  Zergling x14  
  157  16:46  Lurker x5  
  159  16:55  Zergling x16  
  159  17:00  Lurker x3  
  164  17:04  Spore Crawler  
  163  17:11  Hydralisk x2  
  167  17:18  Drone x6  
  173  17:23  Hydralisk x6  
  182  17:33  Overseer x3  
  172  17:37  Hydralisk x7  
  172  17:42  Zergling x14  
  185  17:54  Lurker x7  
  185  17:55  Overseer  
  185  17:57  Zergling x18  
  199  18:11  Zergling x18  
  199  18:15  Hydralisk x4  
  199  18:18  Overseer x3  
  189  18:22  Lurker x3  
  189  18:26  Hydralisk x8  
  187  18:33  Hydralisk x2  
  196  18:35  Nydus Canal  
  196  18:41  Lurker x3  
  197  18:48  Zergling x4  
  197  18:52  Overseer  
  189  18:56  Lurker x7  
  189  18:57  Zergling x8  
  200  19:10  Spore Crawler x2  
  200  19:13  Zergling x4  
  200  19:15  Overseer x3  
  199  19:20  Zergling x12  
  199  19:24  Zergling x12  
  197  19:25  Overseer x2  
  197  19:26  Overseer  
  191  19:31  Zergling x12  
  191  19:32  Nydus Canal  
  188  19:41  Overseer x3  
  188  19:43  Lurker x3  
  188  19:44  Lurker x2  
  190  19:46  Zergling x20  
  190  19:49  Nydus Canal  
  197  20:13  Nydus Canal  
Show
View Real Time Build Order
Export as new Build Order

LiquidClem Terran 

Build Orders: Liberator Opening, Reaper Expand 

Get SALT Encoding   

  12  0:00  SCV  
  13  0:12  SCV  
  14  0:17  Supply Depot  
  14  0:25  SCV  
  15  0:38  SCV  
  15  0:40  Barracks  
  16  0:43  Refinery  
  16  0:50  SCV  
  17  1:03  SCV  
  18  1:15  SCV  
  19  1:27  Reaper, Orbital Command  
  20  1:38  Command Center  
  20  1:45  Supply Depot  
  20  1:53  SCV  
  21  1:58  Marine  
  22  2:05  SCV  
  23  2:10  Factory  
  23  2:13  Refinery  
  23  2:17  SCV  
  23  2:20  Barracks Reactor  
  24  2:29  SCV  
  25  2:41  SCV  
  26  2:50  Orbital Command  
  26  2:54  SCV  
  26  2:55  Starport  
  27  3:01  Hellion x2  
  27  3:05  Marine  
  31  3:06  SCV  
  33  3:13  Supply Depot  
  33  3:16  SCV  
  33  3:18  SCV  
  35  3:22  Hellion x2  
  39  3:27  Barracks Tech Lab  
  39  3:28  SCV  
  39  3:31  Liberator  
  39  3:33  SCV  
  44  3:37  Supply Depot  
  44  3:40  SCV  
  45  3:45  SCV, Hellion  
  45  3:46  Hellion  
  50  3:49  Stimpack  
  50  3:53  SCV  
  51  3:57  SCV  
  51  3:59  Supply Depot  
  52  4:06  Hellion  
  52  4:08  Hellion  
  56  4:11  SCV  
  56  4:17  Command Center  
  57  4:19  SCV  
  57  4:23  SCV  
  59  4:24  Starport Reactor  
  59  4:33  SCV  
  59  4:35  Barracks, SCV  
  59  4:36  Barracks  
  59  4:37  Factory Reactor  
  61  4:44  Marine  
  61  4:45  SCV  
  63  4:47  SCV  
  63  4:50  Engineering Bay  
  64  4:53  Engineering Bay  
  64  4:57  SCV  
  64  4:59  SCV  
  65  5:02  Marine  
  66  5:07  Refinery x2  
  66  5:08  Supply Depot  
  66  5:09  SCV  
  66  5:11  SCV  
  68  5:15  Starport Reactor  
  68  5:18  Terran Infantry Weapons Level 1  
  68  5:19  Terran Infantry Armor Level 1  
  68  5:20  Marine  
  70  5:21  SCV  
  70  5:28  SCV  
  70  5:29  Factory Reactor  
  70  5:31  Marine x2  
  70  5:32  Marine  
  70  5:35  SCV  
  75  5:37  Supply Depot, Marine  
  75  5:38  Supply Depot, Marine  
  75  5:39  Medivac x2  
  75  5:42  Combat Shield  
  81  5:44  SCV  
  81  5:45  Supply Depot  
  81  5:47  SCV  
  81  5:49  Marine x2  
  85  5:56  Orbital Command  
  85  6:00  SCV  
  85  6:01  Marine x2  
  85  6:02  Marine  
  89  6:04  Supply Depot  
  89  6:05  SCV  
  89  6:06  Widow Mine x2  
  89  6:09  Armory  
  89  6:10  Marine x2  
  96  6:12  SCV  
  96  6:17  SCV  
  97  6:20  Supply Depot, Marine  
  97  6:21  SCV  
  97  6:22  Marine  
  97  6:25  Medivac x2  
  104  6:28  SCV  
  104  6:29  SCV  
  106  6:33  Barracks  
  106  6:34  Barracks  
  106  6:35  SCV  
  107  6:40  Marine x2  
  107  6:41  Supply Depot  
  107  6:43  Widow Mine x2  
  107  6:44  Supply Depot, SCV  
  107  6:46  SCV  
  115  6:50  Marine x3  
  115  6:51  SCV  
  119  6:57  Supply Depot  
  119  6:58  Marine  
  119  6:59  Medivac x2  
  124  7:01  SCV  
  124  7:03  Marine  
  126  7:11  Marine x2, Factory  
  126  7:12  Refinery  
  128  7:16  Marine x2  
  128  7:21  SCV x2  
  123  7:24  Command Center  
  123  7:25  Marine x2  
  123  7:26  Marine  
  123  7:27  Terran Infantry Armor Level 2, Terran Infantry Weapons Level 2  
  117  7:32  SCV  
  117  7:33  SCV  
  117  7:34  SCV  
  117  7:35  Marine  
  121  7:41  Marine  
  122  7:44  SCV  
  122  7:45  SCV  
  122  7:46  Widow Mine, SCV, Marine  
  122  7:49  Widow Mine, Marine  
  131  7:55  Marine  
  131  7:56  SCV  
  131  7:57  SCV, Marine  
  130  7:59  Barracks Reactor x2  
  130  8:00  Medivac  
  130  8:01  Medivac  
  130  8:02  Factory Tech Lab  
  130  8:04  Marine  
  130  8:05  Terran Vehicle And Ship Armor Level 1  
  131  8:06  Marine  
  131  8:07  Widow Mine  
  131  8:10  Missile Turret  
  131  8:11  Missile Turret x2  
  133  8:13  SCV  
  133  8:15  SCV, Marine  
  133  8:18  Widow Mine, Marine x2  
  131  8:22  Marine  
  131  8:24  Marine  
  131  8:26  Drilling Claws  
  121  8:29  Widow Mine  
  121  8:30  Medivac x2  
  121  8:33  Marine  
  121  8:34  Bunker  
  128  8:36  Supply Depot, SCV, Marine x2  
  128  8:38  Supply Depot  
  128  8:39  Marine  
  128  8:40  SCV x2  
  128  8:41  Missile Turret  
  132  8:43  Marine  
  132  8:44  Marine  
  132  8:48  Thor  
  140  8:49  Widow Mine  
  140  8:52  Marine x2  
  140  8:54  Marine x2  
  146  9:01  Marine x2  
  146  9:02  Marine x3  
  136  9:07  Widow Mine  
  136  9:08  Barracks  
  136  9:10  Marine x2  
  136  9:11  Barracks x2  
  136  9:12  Planetary Fortress, Marine  
  136  9:14  SCV x3, Marine  
  143  9:19  Marine  
  143  9:20  Widow Mine  
  143  9:22  Marine  
  147  9:26  SCV  
  147  9:29  Medivac x2  
  147  9:30  Widow Mine  
  150  9:33  Marine x2  
  150  9:34  Marine x5  
  150  9:36  Thor  
  150  9:37  Marine  
  151  9:40  Marine  
  151  9:45  SCV x2  
  151  9:51  Marine x3  
  151  9:52  Marine x4  
  141  9:55  Marine  
  141  9:57  Widow Mine, Marine  
  141  9:58  Marine  
  141  9:59  Marine, Medivac x2  
  140  10:00  Marine  
  140  10:01  SCV  
  140  10:07  Widow Mine  
  144  10:09  Marine x5  
  144  10:10  Marine x2  
  144  10:11  Command Center  
  144  10:12  Marine  
  151  10:14  Marine  
  151  10:19  Thor  
  151  10:20  Widow Mine  
  159  10:22  Marine x3  
  159  10:27  Marine x3  
  159  10:28  Widow Mine  
  167  10:31  Terran Infantry Weapons Level 3  
  167  10:35  Barracks Tech Lab  
  167  10:36  Supply Depot x2  
  167  10:37  Marine x3  
  167  10:38  Missile Turret  
  170  10:44  Missile Turret  
  170  10:46  Marine x2, Marauder  
  170  10:47  Missile Turret  
  170  10:49  Marine  
  175  10:52  Marine x2  
  175  10:55  Widow Mine  
  175  10:56  Barracks Tech Lab x2  
  179  10:57  Supply Depot  
  179  10:58  Widow Mine, Marine  
  179  11:01  Marauder  
  179  11:02  Marine  
  175  11:04  Marine x2  
  175  11:08  Marauder  
  175  11:09  Widow Mine  
  181  11:11  Marine x2  
  181  11:14  Marine x2  
  181  11:17  Marine x2  
  181  11:18  Marauder  
  181  11:20  Widow Mine  
  181  11:23  Marauder  
  181  11:25  Widow Mine, Marine x2  
  187  11:26  Command Center  
  187  11:29  Marauder  
  187  11:30  Widow Mine  
  192  11:34  Marine  
  192  11:36  Marauder  
  192  11:38  Marine x2  
  192  11:39  Missile Turret, Marauder  
  198  11:40  Missile Turret  
  198  11:41  SCV  
  198  11:42  Sensor Tower  
  198  11:44  Missile Turret, Planetary Fortress  
  199  11:51  Marauder  
  199  11:52  Siege Tank  
  192  11:55  Marauder  
  192  11:57  Terran Vehicle And Ship Armor Level 2, Ghost Academy, Marauder  
  192  11:59  Marine x2  
  192  12:00  Marine x2  
  192  12:01  Marine x2  
  194  12:12  Widow Mine  
  194  12:13  Marauder  
  198  12:19  Marauder  
  198  12:21  Marine x2  
  198  12:22  Marauder, Marine x3  
  173  12:26  Siege Tank  
  173  12:27  Widow Mine, Marine x3, Marauder  
  176  12:33  Refinery  
  176  12:34  Refinery, Marine, Command Center  
  177  12:38  Concussive Shells  
  177  12:43  SCV x2  
  177  12:44  Marine x2, Marauder  
  181  12:47  Medivac  
  181  12:49  Widow Mine  
  187  12:51  Marine  
  187  12:52  Marauder, Marine  
  163  12:59  Marine x4, Medivac, Marauder  
  163  13:00  Marine  
  163  13:01  Widow Mine  
  163  13:02  Widow Mine, Marine x2  
  170  13:06  Marauder  
  170  13:09  Marine  
  170  13:10  Widow Mine, Marine  
  166  13:13  Marauder  
  166  13:17  Marine x4, Medivac  
  166  13:18  Marauder  
  166  13:19  Marine  
  155  13:20  Marine  
  155  13:21  Marauder  
  155  13:23  Widow Mine  
  155  13:26  Marine  
  159  13:27  Marine  
  159  13:29  Medivac  
  159  13:34  Ghost  
  161  13:36  Widow Mine, Marine x2  
  161  13:37  Marine x2  
  161  13:38  Ghost, Marine  
  161  13:39  SCV x2  
  161  13:40  SCV x2  
  160  13:42  Marine x2, Marauder  
  160  13:45  Marauder, Marine  
  160  13:47  Medivac  
  162  13:49  SCV  
  162  13:53  SCV  
  162  13:54  Marine x3  
  162  13:55  Widow Mine, Marine x2  
  153  13:59  Medivac  
  153  14:02  SCV, Missile Turret  
  156  14:12  Planetary Fortress  
  156  14:14  Marine x2  
  156  14:15  SCV x2  
  156  14:16  Orbital Command  
  159  14:17  SCV, Medivac  
  159  14:20  SCV x2  
  159  14:23  Ghost  
  166  14:28  Refinery, Medivac  
  166  14:30  Widow Mine x2  
  172  14:32  Bunker  
  172  14:35  Ghost  
  174  14:40  Marine  
  174  14:41  Widow Mine, Marine  
  174  14:43  SCV  
  179  14:47  SCV, Ghost  
  179  14:50  Marine  
  179  14:52  Widow Mine x2  
  183  14:53  Medivac  
  183  14:55  Marine  
  184  15:00  Missile Turret  
  184  15:02  Ghost  
  184  15:05  Widow Mine  
  188  15:07  Marine x2  
  188  15:08  Marauder  
  188  15:12  Ghost  
  194  15:19  Ghost  
  194  15:22  SCV x2  
  196  15:28  Ghost  
  196  15:43  Command Center  
  196  15:47  Ghost  
  195  15:55  Ghost  
  186  15:59  Ghost  
  186  16:01  Marine x2  
  186  16:02  Marine x3  
  158  16:06  Ghost, Marine  
  158  16:08  Widow Mine  
  158  16:09  Marine  
  131  16:16  Barracks x2  
  124  16:18  Barracks  
  124  16:19  Marine x2  
  124  16:20  Marine  
  124  16:24  Marauder  
  124  16:25  Marine  
  128  16:26  Marine  
  128  16:28  Marauder  
  128  16:29  Widow Mine, SCV  
  128  16:30  SCV x2  
  128  16:31  Starport  
  128  16:32  Barracks, Barracks Tech Lab, SCV x2  
  138  16:33  Barracks  
  138  16:35  Marauder  
  138  16:36  Refinery  
  138  16:37  Marine x2  
  138  16:38  Marine  
  142  16:42  Marine  
  142  16:44  SCV, Marine  
  142  16:45  Marine  
  142  16:46  SCV  
  147  16:47  Refinery  
  147  16:50  Widow Mine  
  148  16:54  SCV  
  146  17:01  SCV  
  146  17:04  Ghost x2  
  146  17:06  Barracks Tech Lab x3  
  146  17:07  Barracks Tech Lab  
  146  17:08  Ghost  
  151  17:09  Marine  
  151  17:14  SCV, Marine  
  158  17:19  Ghost  
  158  17:21  Orbital Command  
  158  17:26  Missile Turret  
  158  17:31  Ghost  
  158  17:34  Command Center  
  158  17:36  Factory Reactor  
  150  17:38  SCV x2  
  150  17:40  Ghost  
  150  17:43  SCV  
  139  17:48  SCV x2  
  139  17:54  Command Center  
  139  17:56  Ghost  
  139  17:58  Marine x3  
  142  18:00  SCV, Marine  
  146  18:07  Marine  
  146  18:08  Marine x2, Marauder  
  146  18:10  Marine  
  146  18:11  SCV  
  149  18:14  Widow Mine  
  149  18:17  Marine x2  
  147  18:21  Marine  
  147  18:24  Widow Mine, Marine  
  147  18:33  Marine  
  134  18:34  SCV, Ghost  
  134  18:35  Widow Mine, Marine x3  
  142  18:45  SCV  
  142  18:46  Widow Mine, SCV  
  142  18:47  Marine x2  
  148  18:50  Marine x2  
  148  18:51  SCV  
  150  18:57  Widow Mine, Barracks Tech Lab x2  
  150  19:02  SCV, Starport Reactor  
  153  19:03  Marine  
  153  19:08  Widow Mine  
  154  19:18  Widow Mine, Marine  
  154  19:21  Missile Turret x2  
  148  19:28  Ghost  
  148  19:29  Widow Mine  
  148  19:30  Marine  
  153  19:32  Marine  
  153  19:36  Ghost  
  152  19:39  Widow Mine  
  152  19:41  Marine x2  
  152  19:42  SCV  
  155  19:51  Widow Mine  
  159  20:01  Widow Mine  
  125  20:19  Barracks Tech Lab  
  125  20:23  Barracks Tech Lab  
Tags
 
Add a new tag
Caveats
  • Supply blocks, unpowered buildings, or Contaminate may cause inaccurate times.
  • Supply counts are checked every 10 seconds.